[Event "Early-Titled-Tuesday-Blitz-July-09-2024"]
[Site "Chess.com"]
[Date "2024.07.09"]
[Round "8"]
[White "HansOnTwitch"]
[Black "ChessFighter_2011"]
[Result "1-0"]
[WhiteElo "3136"]
[BlackElo "2951"]
[TimeControl "180+1"]
[EndTime "9:30:42 PDT"]
[Termination "HansOnTwitch won by resignation"]

1. e4 c5 2. Nf3 g6 3. c3 d5 4. exd5 Qxd5 5. d4 Bg7 6. Be2 cxd4 7. cxd4 Nf6 8. Nc3 Qd8 9. O-O O-O 10. h3 Nc6 11. d5 Nb4 12. Bc4 Ne8 13. a3 Nd6 14. Bb3 Na6 15. Re1 Bd7 16. Bg5 Re8 17. Bc2 Rc8 18. Bd3 Nc5 19. Bf1 Qb6 20. Rb1 Bf5 21. Rc1 Qxb2 22. Na4 Qxa3 23. Nxc5 Rxc5 24. Rxc5 Qxc5 25.
Bxe7 Rxe7 26. Rxe7 Bf6 27. Re1 a5 28. Qa4 Bc3 29.
Rc1 b5 30. Qh4 b4 31. Ng5 h5 32. g4 hxg4 33. hxg4 Qd4 34. Qh7+ Kf8 35. Qh6+ Qg7 36. Qxg7+ Kxg7 37. gxf5 a4 38. Bd3 a3 39. Bb1 Bd2 40. f6+ Kxf6 41. Rc6 Ke7 42. Nf3 Bc3 43. Ba2 f5 44.
Kf1 Kd7 45. Ke2 Ne4 46. Kd3 Nxf2+ 47. Kc2 Ne4 48. Rxg6 Nc5 49. Bc4 f4 50. d6 Kc6 51.
Ng5 Be5 52. Ne6 Bxd6 53. Nxc5 Kxc5 54. Bb3 Be5 55. Kd3 Bc3 56. Rg5+ Kd6 57. Rf5 Be5 58.
Ke4 Bc3 59. Rxf4 Kc5 60. Rf5+ Kd6 61. Rd5+ Kc6 62. Kf5 Bb2 63. Ke6 Bc3 64. Rh5 Bb2 65. Rh4 Bc3 66. Rc4+ Kb5 67. Kd5 Be1 68. Rc5+ Kb6 69.
Bc4 Bc3 70. Rc6+ Kb7 71. Kd6 Be1 72. Kd7 Bd2 73. Bd5 Kb8 74. Ra6 1-0

[Event "Early-Titled-Tuesday-Blitz-July-09-2024"]
[Site "Chess.com"]
[Date "2024.07.09"]
[Round "8"]
[White "GMAneta"]
[Black "vi_pranav"]
[Result "0-1"]
[WhiteElo "2640"]
[BlackElo "3001"]
[TimeControl "180+1"]
[EndTime "9:30:43 PDT"]
[Termination "vi_pranav won on time"]

1. Nf3 Nf6 2. c4 e6 3. g3 a6 4. Nc3 Bb4 5. Qb3 Nc6 6. Bg2 O-O 7. O-O d6 8. a3 Bxc3 9. Qxc3 e5 10. d3 h6 11. b4 Bg4 12. Bb2 Qd7 13. Rfc1 Bh3 14. Bh1 Qf5 15. c5 d5 16. e3 Rae8 17. a4 Bg4 18. Nh4 Qg5 19. b5 d4 20. Qe1 axb5 21.
axb5 Ne7 22. Bxb7 Rb8 23. Ra7 Nf5 24. Nxf5 Qxf5 25. exd4 exd4 26. Bc6 Rfe8 27. Qb4 Re2 28. Qxd4 Bf3 29. Bxf3 Qxf3 30. b6 Rbe8 31. Raa1 c6 32. b7 Kh7 33. Bc3 Rb8 34. Ra7 Re7 35. Rb1 Rd7 36.
Qe5 Qxd3 37. Re1 Rbxb7 38. Rxb7 Rxb7 39. h3 Rd7 40. Bb2 Qc2 41. Bd4 Rd8 42. Qf4 Qg6 43.
Bxf6 Qxf6 44. Qxf6 gxf6 45. Re7 Rd5 46. Rxf7+ Kg6 47. Rc7 Rxc5 48. Kg2 Rc2 49. Kf3 c5 50. g4 Rc3+ 51. Ke4 h5 52. f3 h4 53. Kf4 Rc4+ 54. Ke3 Rc1 55. f4 Rc3+ 56. Ke4 c4 57. Kd4 Rxh3 58.
Rxc4 Rg3 0-1

[Event "Early-Titled-Tuesday-Blitz-July-09-2024"]
[Site "Chess.com"]
[Date "2024.07.09"]
[Round "8"]
[White "whitemirrorninja"]
[Black "biveklama"]
[Result "0-1"]
[WhiteElo "2539"]
[BlackElo "2676"]
[TimeControl "180+1"]
[EndTime "9:30:43 PDT"]
[Termination "biveklama won by resignation"]

1. e4 Nc6 2. Nc3 e5 3. Nf3 Nf6 4. Be2 Be7 5. d4 exd4 6. Nxd4 O-O 7. Nxc6 dxc6 8. O-O Be6 9. Qxd8 Rfxd8 10. Be3 Nd7 11. f4 f6 12. a3 Nb6 13. Rad1 Nc4 14. Bxc4 Bxc4 15. Rxd8+ Rxd8 16. Rd1 Rxd1+ 17. Nxd1 b6 18. Kf2 Kf7 19. g4 g6 20. f5 Bd6 21. h4 c5 22. b3 Ba6 23. a4 c4 24. Nc3 cxb3 25.
cxb3 c6 26. a5 Be5 27. Na4 Bd3 28. axb6 axb6 29. Nxb6 Bxe4 30. fxg6+ Kxg6 31. Nc4 Bc3 32. Bd2 Bd4+ 33. Be3 Ba1 34. Nd6 Bd5 35. h5+ Kg7 36.
b4 Be5 37. Nf5+ Kf7 38. Nd4 Bd6 39. b5 c5 40. Nf5 Bf8 41. Bh6 Bxh6 42. Nxh6+ Ke6 43.
Nf5 Kd7 44. Ke3 Kc7 45. Ne7 Be6 46. Nc6 Kb6 47. Nd8 Bd5 48. Kf4 Kxb5 49. Kf5 c4 50. g5 fxg5 51. Kxg5 c3 52. Kh6 Be4 53. Nf7 Kc5 54.
Ng5 Bd3 55. Nxh7 Bxh7 56. Kxh7 c2 57. h6 c1=Q 58. Kg7 Qg5+ 59. Kh8 Qxh6+ 60. Kg8 Qf6 61. Kh7 Qg5 62. Kh8 Kd6 63. Kh7 Ke7 64. Kh8 Kf7 0-1

[Event "Early-Titled-Tuesday-Blitz-July-09-2024"]
[Site "Chess.com"]
[Date "2024.07.09"]
[Round "8"]
[White "VacheH009"]
[Black "Paladin61"]
[Result "1/2-1/2"]
[WhiteElo "2526"]
[BlackElo "2726"]
[TimeControl "180+1"]
[EndTime "9:30:47 PDT"]
[Termination "Game drawn by repetition"]

1. c4 Nf6 2. Nc3 g6 3. Nf3 Bg7 4. g3 O-O 5. Bg2 d6 6. O-O e5 7. d3 h6 8. Rb1 a5 9. a3 c6 10. b4 axb4 11. axb4 Re8 12. b5 d5 13. bxc6 bxc6 14.
cxd5 cxd5 15. Ne1 Be6 16. Nc2 Nc6 17. Nb4 Ne7 18. Bb2 Qd7 19. Qd2 Rac8 20. Rfc1 h5 21. Ra1 h4 22. Na4 Qd6 23. Ba3 Rxc1+ 24. Qxc1 Qd8 25.
Nc5 Bc8 26. Bb2 Nf5 27. Ra8 hxg3 28. hxg3 e4 29. dxe4 dxe4 30. Nb7 Qd7 31. Bxf6 Qxb7 32. Bxg7 Nxg7 33. Qc6 Qxc6 34. Nxc6 Kf8 35. Bxe4 Ne6 36. Bg2 Nc5 37. Nd4 Ne6 38. Nxe6+ Bxe6 39. Bc6 Rxa8 40. Bxa8 Ke7 41. f3 g5 42. Be4 f6 43. Bd3 Kd6 44. Kf2 Ke5 45. Ke3 Bf7 46. Kd2 Kd6 47. e3 Ke5 48. Kc3 Kd6 49. Kd4 Be6 50.
Be4 Bd7 51. Bd5 Bc8 52. Be4 Bd7 53. Bd5 Bf5 54. e4 Bd7 55. Ke3 Bc8 56. Kd4 Bd7 57. Kc4 Bc8 58. Kd3 Kc5 59. Ke3 Kd6 60. Kf2 Ke5 61. Ke3 Kd6 1/2-1/2

[Event "Early-Titled-Tuesday-Blitz-July-09-2024"]
[Site "Chess.com"]
[Date "2024.07.09"]
[Round "8"]
[White "aquarium76"]
[Black "Sadykov_Ramil"]
[Result "1/2-1/2"]
[WhiteElo "2981"]
[BlackElo "2629"]
[TimeControl "180+1"]
[EndTime "9:30:48 PDT"]
[Termination "Game drawn by repetition"]

1. e4 e5 2. Nf3 Nc6 3. Bb5 Nf6 4.
O-O Nxe4 5. d4 Nd6 6. Bxc6 dxc6 7. dxe5 Nf5 8. Qxd8+ Kxd8 9. Nc3 Be7 10. Bf4 Be6 11.
Rad1+ Ke8 12. Ng5 Bxg5 13. Bxg5 h6 14. Bc1 Rd8 15. f3 Rxd1 16. Rxd1 Ke7 17. b3 Rd8 18. Ba3+ Ke8 19. Rxd8+ Kxd8 20. Ne2 b6 21. g4 Ne3 22. c3 c5 23. Kf2 Nd5 24. c4 Ne7 25. Bb2 a5 26.
Nf4 Kd7 27. Nh5 g6 28. Nf6+ Kc6 29. h4 g5 30. h5 a4 31. Bc1 axb3 32. axb3 b5 33.
f4 bxc4 34. bxc4 gxf4 35. Bxf4 Bxc4 36. Bxh6 Bd3 37. Bf8 Nd5 38. g5 Nxf6 39. exf6 Kd5 40. Ke3 c4 41. Kf4 Ke6 42. Bb4 Be2 43. g6 fxg6 44.
h6 g5+ 45. Kxg5 Bd3 46. Bc3 Kf7 47. Bd4 Bc2 48. Bc3 Bh7 49. Be5 Bd3 50. Kf4 Kg6 51.
Ke3 Kf7 52. Kd4 Bh7 53. Kc5 Bg6 54. Kc6 c3 55. Bxc3 Bh7 56. Kxc7 Kg6 57. Kd6 Kf7 58. Ke5 Bg6 59. Bd4 Bh7 60. Kf4 Bg6 61. Kg5 Bh7 62. Be5 Bg6 63. Kf4 Bh7 64. Bd4 Bg6 65. Ke5 Bh7 66.
Kf4 1/2-1/2

[Event "Early-Titled-Tuesday-Blitz-July-09-2024"]
[Site "Chess.com"]
[Date "2024.07.09"]
[Round "8"]
[White "Flawless_Fighter"]
[Black "Erdnya15"]
[Result "1-0"]
[WhiteElo "2780"]
[BlackElo "2591"]
[TimeControl "180+1"]
[EndTime "9:30:48 PDT"]
[Termination "Flawless_Fighter won by checkmate"]

1. Nf3 Nf6 2. g3 g6 3. Bg2 Bg7 4. O-O O-O 5. d4 d5 6. Nbd2 c6 7. a4 Bf5 8. Nh4 Be6 9. c3 Nbd7 10. Re1 c5 11. Ndf3 Ne4 12. Ng5 Nxg5 13. Bxg5 cxd4 14.
cxd4 h6 15. Be3 Qb6 16. Qd2 Nf6 17. a5 Qb5 18. Bxh6 Bxh6 19. Qxh6 Qxb2 20. Nf3 Bf5 21. h3 Be4 22. e3 Bxf3 23. Bxf3 Ne4 24. Bxe4 dxe4 25.
Reb1 Qc3 26. Qf4 Qc6 27. Rc1 Qe6 28. Kg2 Rfc8 29. h4 b6 30. a6 b5 31. Rc7 Rxc7 32.
Qxc7 Qb6 33. Qxe7 b4 34. Qxe4 Rb8 35. Qd3 b3 36. Rb1 b2 37. d5 Qc5 38. e4 Qc1 39. d6 Rb3 40. Rxc1 Rxd3 41. Rb1 Rxd6 42. Rxb2 Rxa6 43. Rb8+ Kg7 44. Rb7 Ra1 45. e5 Kg8 46. f4 a5 47. Ra7 a4 48. Kh3 a3 49. Kg4 a2 50. Ra8+ Kg7 51. Ra6 Kg8 52. Ra7 Kf8 53.
Kg5 Rg1 54. Rxa2 Rxg3+ 55. Kf6 Kg8 56. Ra8+ Kh7 57. Ra7 Rf3 58. Rxf7+ Kh6 59. Ke7 Kh5 60. Rf6 Kxh4 61. Rxg6 Rxf4 62. e6 Kh5 63. Rg1 Kh6 64. Ke8 Kh7 65. e7 Ra4 66. Rg5 Re4 67. Kf7 Rf4+ 68. Ke6 Re4+ 69. Re5 Rg4 70. e8=Q Rg6+ 71. Kd5 Rg7 72. Rh5# 1-0

[Event "Early-Titled-Tuesday-Blitz-July-09-2024"]
[Site "Chess.com"]
[Date "2024.07.09"]
[Round "8"]
[White "AlexandraSamaganova"]
[Black "campochess"]
[Result "1-0"]
[WhiteElo "2366"]
[BlackElo "2249"]
[TimeControl "180+1"]
[EndTime "9:30:51 PDT"]
[Termination "AlexandraSamaganova won by resignation"]

1. c4 e6 2. Nc3 c6 3. e4 e5 4.
Nf3 d6 5. d4 exd4 6. Nxd4 Nf6 7. Be2 Be7 8. Be3 O-O 9. O-O Nbd7 10. h3 Nc5 11. Qc2 Qc7 12. Rad1 Rd8 13. b3 a6 14. f4 b5 15. b4 Ne6 16. Nf5 Bf8 17.
a3 g6 18. Nd4 Ne8 19. f5 N6g7 20. Bf4 c5 21. bxc5 Qxc5 22. Kh1 bxc4 23. Nd5 Qxa3 24.
Nc6 Bd7 25. Nxd8 Rxd8 26. Qxc4 gxf5 27. Qc2 fxe4 28. Qxe4 Bf5 29. Qd4 Qc5 30. Qd2 Ne6 31. Be3 Qc2 32. Qe1 Bg6 33. Nb4 Qb3 34. Nd5 Nc5 35.
Bf3 Qc2 36. Qh4 Ne6 37. Nf6+ Nxf6 38. Qxf6 Rc8 39. Qh4 Qc5 40. Bg4 Qe5 41. Bf2 Qf4 42.
Bg3 Qg5 43. Qxg5 Nxg5 44. Bxc8 Ne4 45. Bh2 a5 46. Bf5 Nc3 47. Bxg6 Nxd1 48. Bxf7+ Kg7 49.
Rxd1 Kxf7 50. Bxd6 Bg7 51. Ba3 Bc3 52. g4 Kg6 53.
Kg2 h5 54. gxh5+ Kxh5 55. Rd5+ Kg6 56. Kg3 Kh6 57. Kg4 Kg6 58. Rd6+ Kf7 59. Rc6 Be1 60. h4 Bd2 61. h5 Kg7 62. Rd6 Be3 63. Rd7+ Kf6 64. Bb2+ Ke6 65. Rb7 a4 66. Rb4 a3 67.
Bxa3 Bc5 68. Re4+ Kd5 69. Ra4 1-0

[Event "Early-Titled-Tuesday-Blitz-July-09-2024"]
[Site "Chess.com"]
[Date "2024.07.09"]
[Round "8"]
[White "Cxrjs"]
[Black "oykuince"]
[Result "0-1"]
[WhiteElo "2509"]
[BlackElo "2181"]
[TimeControl "180+1"]
[EndTime "9:30:52 PDT"]
[Termination "oykuince won on time"]

1. e4 c5 2. Nf3 Nc6 3. d4 cxd4 4.
Nxd4 g6 5. c4 Bg7 6. Be3 Nf6 7.
Nc3 O-O 8. Be2 d6 9. O-O Bd7 10.
h3 Nxd4 11. Bxd4 Bc6 12. Qc2 Nd7 13. Rfd1 Bxd4 14. Rxd4 Qb6 15. Rad1 Rac8 16. Bg4 Rfd8 17. Qd2 Ra8 18. Bxd7 Rxd7 19. b3 a5 20. e5 Rad8 21. Nd5 Qc5 22. exd6 Qxd6 23. Qxa5 Qe5 24. Re1 Qxd4 25.
Nxe7+ Rxe7 26. Rxe7 Qd1+ 27. Kh2 Qd6+ 28. Qe5 Qxe5+ 29.
Rxe5 Re8 30. Ra5 Re2 31. Kg3 h5 32. b4 Rc2 33. b5 Be4 34. Ra8+ Kg7 35. Re8 Rxc4 36.
f3 h4+ 37. Kf2 Bf5 38. Re7 Rc2+ 39. Kg1 b6 40. Rb7 Rxa2 41. Rxb6 Ra1+ 42. Kf2 Rb1 43. Rb8 Rb2+ 44. Kg1 Bd3 45. b6 Rb1+ 46. Kf2 Rb2+ 47. Kg1 g5 48. b7 Ba6 49. Rd8 Bxb7 50. Rb8 Rb1+ 51. Kf2 Be4 52. Re8 Bg6 53. Re5 Rc1 54. Rxg5 Rc2+ 55. Kg1 f5 56. f4 Kf6 57. g3 Rc3 58.
gxh4 Rxh3 59. h5 Rxh5 60. Rg3 Rh4 61. Rf3 Rg4+ 62. Kf2 Bh5 63. Ke3 Rg1 64. Rh3 Bg4 65.
Rh6+ Kg7 66. Rb6 Re1+ 67. Kf2 Re4 68. Kg3 Kf7 69. Rd6 Ke7 70. Rb6 Rd4 71. Ra6 Rd6 72. Ra5 Ke6 73. Kh4 Kf6 0-1

[Event "Early-Titled-Tuesday-Blitz-July-09-2024"]
[Site "Chess.com"]
[Date "2024.07.09"]
[Round "8"]
[White "pinguino120"]
[Black "abelmat"]
[Result "1-0"]
[WhiteElo "2302"]
[BlackElo "2113"]
[TimeControl "180+1"]
[EndTime "9:30:53 PDT"]
[Termination "pinguino120 won by checkmate"]

1. e4 e6 2. d3 d5 3. Nd2 Nc6 4. g3 Nf6 5. Bg2 dxe4 6. dxe4 e5 7. Ngf3 a5 8. O-O Bc5 9. c3 O-O 10. h3 b6 11. Kh2 Ba6 12. c4 Qe7 13. b3 Rad8 14. Qe2 Nd4 15. Nxd4 Bxd4 16. Rb1 Rd6 17.
Nf3 Rfd8 18. Bg5 h6 19. Bxf6 Qxf6 20. Rbd1 Bc8 21. Rd2 Bc3 22. Rd5 Be6 23. Rxd6 Rxd6 24. Rd1 Qd8 25. Rxd6 Qxd6 26. Bf1 Qa3 27. Qc2 Bd4 28.
Nxd4 exd4 29. f4 f6 30. e5 fxe5 31. fxe5 Qf8 32. Bg2 c5 33. Bd5 Qf7 34. Qe4 Kf8 35. Kg2 Ke7 36. g4 Kd7 37. Bb7 Kd8 38. Qc6 Bd7 39. Qd6 Ke8 40. Bd5 Qf4 41. Qg6+ Kd8 42.
Qxb6+ Ke8 43. Qg6+ Kd8 44. e6 Qd2+ 45. Kg3 Qe1+ 46.
Kf4 Be8 47. Qe4 Qf2+ 48. Ke5 Qg3+ 49. Qf4 Qe1+ 50. Kd6 Qh4 51. Kxc5 Qe7+ 52. Qd6+ Qxd6+ 53. Kxd6 d3 54. Bf3 d2 55. e7+ Kc8 56. c5 h5 57.
gxh5 Bc6 58. Kxc6 d1=Q 59. Bxd1 g5 60. e8=Q# 1-0

[Event "Early-Titled-Tuesday-Blitz-July-09-2024"]
[Site "Chess.com"]
[Date "2024.07.09"]
[Round "8"]
[White "noblerone"]
[Black "SujanaLohani"]
[Result "1-0"]
[WhiteElo "2506"]
[BlackElo "2359"]
[TimeControl "180+1"]
[EndTime "9:30:54 PDT"]
[Termination "noblerone won by checkmate"]

1. d4 Nf6 2. Nf3 g6 3. Bg5 Bg7 4. Nbd2 O-O 5. c3 d5 6. e3 c5 7. Be2 Nc6 8. O-O h6 9. Bh4 g5 10. Bg3 Ne4 11. Nxe4 dxe4 12. Nd2 f5 13. dxc5 e5 14. f3 f4 15. Bf2 exf3 16. Bxf3 Qe7 17.
e4 Be6 18. Bg4 Rad8 19. Bxe6+ Qxe6 20. Qe2 g4 21. Qc4 Rfe8 22. Qxe6+ Rxe6 23. Rad1 h5 24. Bh4 Bf6 25. Bxf6 Rxf6 26. Nc4 Rff8 27. Rd6 Rde8 28. Rfd1 f3 29. Rf1 fxg2 30. Kxg2 Rxf1 31. Kxf1 Rf8+ 32.
Kg2 Rf4 33. Nd2 h4 34. Rd7 Rf7 35. Rxf7 Kxf7 36. h3 g3 37. Nf3 Na5 38. b3 Kf6 39. Nxh4 b6 40. cxb6 axb6 41. Kxg3 Nb7 42. Kf3 Nc5 43. Ke3 b5 44. Nf3 Ne6 45. a4 bxa4 46. bxa4 Nc5 47. a5 Na6 48. Nd2 Nc5 49. Nc4 Na6 50. h4 Nc5 51. h5 Kg5 52. Nxe5 Kxh5 53.
Nd3 Na6 54. Kd4 Kg5 55. Nb4 Nc7 56. a6 Nb5+ 57. Kc4 Nc7 58. Kc5 Na8 59. Kc6 Kf4 60.
Kb7 Kxe4 61. Kxa8 Ke5 62. Kb7 Kd6 63. a7 Kc5 64. a8=Q Kc4 65. Qc8+ Kb3 66. c4 Kb2 67. c5 Ka1 68. Na6 Kb2 69. c6 Ka3 70. c7 Ka4 71.
Qf5 Kb3 72. Qe4 Ka2 73. Qe3 Kb1 74. Qd2 Ka1 75. Kb6 Kb1 76. Kb5 Ka1 77. Kb4 Kb1 78. Kb3 Ka1 79. Qd1# 1-0

[Event "Early-Titled-Tuesday-Blitz-July-09-2024"]
[Site "Chess.com"]
[Date "2024.07.09"]
[Round "8"]
[White "sanbruh"]
[Black "carloseduar100"]
[Result "0-1"]
[WhiteElo "2342"]
[BlackElo "2265"]
[TimeControl "180+1"]
[EndTime "9:30:54 PDT"]
[Termination "carloseduar100 won by checkmate"]

1. e4 e6 2. d4 d5 3. Nd2 Nf6 4.
Bd3 dxe4 5. Nxe4 Nxe4 6. Bxe4 Be7 7. Nf3 Bf6 8. O-O Nd7 9. c4 O-O 10. Be3 Re8 11. Re1 c6 12. Qc2 g6 13. Rad1 Qc7 14.
b3 e5 15. d5 cxd5 16. Bxd5 Nb6 17. c5 Nxd5 18. Rxd5 Bg4 19. Ng5 Kg7 20. f3 h6 21.
Ne4 Be6 22. Nxf6 Kxf6 23. Rd6 Kg7 24. Qc3 Bf5 25. Bf4 f6 26. Be3 Rad8 27. Red1 b6 28. b4 a5 29. a3 axb4 30. axb4 bxc5 31. bxc5 Rxd6 32. Rxd6 Rd8 33. Qd2 Ra8 34. Bxh6+ Kf7 35. h4 Qxc5+ 36. Be3 Qa5 37. Rd7+ Kg8 38. Qd6 Bxd7 39.
Qxd7 Qe1+ 40. Kh2 Qxh4+ 41. Kg1 Qe1+ 42. Kh2 Qxe3 43. Qd5+ Kg7 44. Qxa8 f5 45. Qb7+ Kh6 46. Qc8 e4 47. Kh3 Qc3 48. Qf8+ Kg5 49. Qe7+ Kf4 50. Qh4+ Ke3 51. Qg5+ f4 52. Qxg6 exf3 53. Qe6+ Kf2 54. Qb6+ Qe3 55. Qb2+ Qe2 56. Qd4+ Kf1 57. Qa1+ Kf2 58. Qd4+ Kf1 59. Qa1+ Qe1 60. Qa6+ Kg1 61. Qb6+ f2 62. Qd4 Qe3+ 63. Qxe3 fxe3 64. g4 f1=Q+ 65.
Kh4 e2 66. Kg5 e1=Q 67. Kh5 Qe5+ 68. g5 Qf3+ 69. Kh6 Qff4 70. Kg6 Qexg5+ 71. Kh7 Qfh4# 0-1

[Event "Early-Titled-Tuesday-Blitz-July-09-2024"]
[Site "Chess.com"]
[Date "2024.07.09"]
[Round "8"]
[White "GoltsevDmitry2000"]
[Black "snowlord"]
[Result "1/2-1/2"]
[WhiteElo "2747"]
[BlackElo "2912"]
[TimeControl "180+1"]
[EndTime "9:31:02 PDT"]
[Termination "Game drawn - insufficient material"]

1. e4 Nc6 2. Nf3 d6 3. Nc3 Nf6 4. d4 g6 5. h3 Bg7 6. Be2 O-O 7. O-O a6 8. Bg5 h6 9. Be3 e6 10. Qd2 g5 11. Rad1 b5 12. a3 Bb7 13. Nh2 Ne7 14. Bf3 Ng6 15. e5 Nd5 16. Nxd5 exd5 17. exd6 Qxd6 18. Rfe1 Nh4 19. Bh5 Rae8 20. Qb4 Nf5 21. c3 Qb6 22. Bc1 a5 23. Qb3 c5 24.
dxc5 Qxc5 25. Bg4 d4 26. Bxf5 Qxf5 27. cxd4 Bxd4 28. Be3 Bg7 29. Nf1 a4 30. Qb4 Re4 31. Qd2 Re6 32. f3 Rfe8 33. Bf2 Rxe1 34. Rxe1 Rxe1 35.
Bxe1 Qe5 36. Bf2 Qd5 37. Qe2 Bc6 38. Ne3 Qe6 39. Qd2 h5 40. Nd1 g4 41. hxg4 hxg4 42. fxg4 Qxg4 43. Ne3 Qe4 44. Qd6 Bd4 45. Qg3+ Kf8 46.
Ng4 Bxf2+ 47. Nxf2 Qb1+ 48. Kh2 Qxb2 49. Qd6+ Kg8 50.
Qxc6 Qxf2 51. Qxb5 Qh4+ 52. Kg1 Qd4+ 53. Kh1 Qd1+ 54. Kh2 Qd6+ 55. Kh1 Qxa3 56. Qe8+ Kg7 57. Qe5+ f6 58. Qc7+ Kg6 59. Qc2+ Kf7 60. Qc7+ Ke6 61. Qc6+ Ke5 62. Qc7+ Kf5 63. Qd7+ Kf4 64. Qc7+ Ke4 65.
Qc6+ Ke5 66. Qc7+ Qd6 67. Qa5+ Qd5 68. Qxa4 f5 69. Qh4 Qe4 70. Qxe4+ Kxe4 71. Kg1 Ke3 72.
Kf1 f4 73. Ke1 f3 74. gxf3 Kxf3 1/2-1/2

[Event "Early-Titled-Tuesday-Blitz-July-09-2024"]
[Site "Chess.com"]
[Date "2024.07.09"]
[Round "8"]
[White "MagnusCarlsen"]
[Black "Andreikka"]
[Result "1/2-1/2"]
[WhiteElo "3190"]
[BlackElo "3036"]
[TimeControl "180+1"]
[EndTime "9:31:08 PDT"]
[Termination "Game drawn by repetition"]

1. e4 e5 2. Nf3 Nc6 3. Bb5 a6 4. Ba4 Nf6 5. d3 d6 6. c3 g6 7. O-O Bg7 8. h3 O-O 9. Be3 h6 10. Re1 Nd7 11. d4 f5 12. exf5 gxf5 13. dxe5 dxe5 14.
Na3 Kh7 15. Bxc6 bxc6 16. Nc4 e4 17. Nd4 Qf6 18. Bf4 Nc5 19. Ne5 Ne6 20. Nxe6 Qxe6 21. Qb3 Qe8 22. Qb4 a5 23. Qc5 Rb8 24. a4 Rxb2 25.
Rab1 Rc2 26. Rb8 Qe6 27. Re3 Qd6 28. Qxd6 cxd6 29. Nxc6 Bd7 30. Rxf8 Bxf8 31. Nxa5 Bxa4 32. Nc4 d5 33. Nd6 Bd7 34. Be5 Ra2 35. Rg3 Ra6 36. Nf7 Rg6 37. Rxg6 Kxg6 38. Nd6 Bg7 39. Bxg7 Kxg7 40.
f4 exf3 41. gxf3 f4 42. h4 Kg6 43. Nb7 Kh5 44. Nc5 Bf5 45. Kg2 Kxh4 46. Nb3 Kg5 47. Nd4 Bd7 48. Ne2 h5 49. Nd4 Kf6 50.
Ne2 Ke5 51. Nd4 Bc8 52. Kh2 Kd6 53. Ne2 Ke5 54. Nd4 Bd7 55. Kg2 h4 56. Kh2 Bc8 57.
Kg2 Kd6 58. Ne2 Kc5 59. Nxf4 Kc4 60. Kf2 h3 61. Kg3 Bf5 62. Kh2 Bd7 63. Kg3 Bc8 64. Kh2 Bf5 65. Kg3 Bd7 66. Kh2 Bf5 67. Kg3 Bd7 68.
Kh2 Bf5 1/2-1/2

[Event "Early-Titled-Tuesday-Blitz-July-09-2024"]
[Site "Chess.com"]
[Date "2024.07.09"]
[Round "8"]
[White "Ditman2007"]
[Black "vladgoncharov"]
[Result "0-1"]
[WhiteElo "2704"]
[BlackElo "2661"]
[TimeControl "180+1"]
[EndTime "9:31:11 PDT"]
[Termination "vladgoncharov won by checkmate"]

1. e4 e6 2. d4 d5 3. Bd3 dxe4 4. Bxe4 Nf6 5. Bf3 c5 6. Ne2 Nc6 7. Be3 cxd4 8. Nxd4 Ne5 9. Be2 a6 10. O-O Qc7 11.
Nc3 Nc4 12. Bxc4 Qxc4 13. Re1 Be7 14. Bg5 h6 15. Bh4 Bd7 16. Ne4 Rd8 17. Nf5 Bc6 18.
Ned6+ Bxd6 19. Nxd6+ Rxd6 20. Qxd6 Qxh4 21. Qb8+ Ke7 22.
Qc7+ Nd7 23. Rad1 Rd8 24. Qd6+ Ke8 25. Re3 Nb6 26. Qxd8+ Qxd8 27. Rxd8+ Kxd8 28. b3 Nd5 29. Rd3 Ke7 30. c4 Nf4 31. Rd2 Nxg2 32. b4 Nh4 33. Rb2 Nf3+ 34. Kf1 Nxh2+ 35. Ke2 Ng4 36. b5 axb5 37. cxb5 Bd5 38. a4 Ne5 39. a5 Nc4 40.
Ra2 Nd6 41. a6 bxa6 42. Rxa6 Bc4+ 43. Ke3 Bxb5 44. Ra7+ Kf6 45. Kf4 g5+ 46. Kg3 Nf5+ 47. Kf3 Bc6+ 48. Kg4 Kg6 49. Kh3 h5 50. Ra6 Bf3 51. Ra3 g4+ 52. Kh2 h4 53. Ra7 g3+ 54. fxg3 hxg3+ 55. Kh3 g2 56. Kh2 Bd5 57. Rc7 Ne3 58. Kg1 f5 59. Rc8 f4 60. Rg8+ Kf6 61. Rf8+ Ke5 62. Ra8 f3 63. Ra1 Nf5 64. Kf2 Nd4 65.
Ke3 Ne2 66. Kd3 g1=Q 67. Rc1 Qd4+ 68. Kc2 Qc3+ 69. Kb1 Qb3+ 70. Ka1 Qa2# 0-1

[Event "Early-Titled-Tuesday-Blitz-July-09-2024"]
[Site "Chess.com"]
[Date "2024.07.09"]
[Round "8"]
[White "Didici"]
[Black "sergoy"]
[Result "0-1"]
[WhiteElo "2755"]
[BlackElo "2942"]
[TimeControl "180+1"]
[EndTime "9:31:12 PDT"]
[Termination "sergoy won by resignation"]

1. d4 Nf6 2. Nf3 e6 3. c4 d5 4. Bg5 dxc4 5. e4 Bb4+ 6. Nc3 c5 7. Bxc4 cxd4 8. Nxd4 Qa5 9. Bd2 O-O 10. Qe2 Nbd7 11.
O-O Ne5 12. a3 Qc7 13. Ba2 Be7 14. Rfd1 Bd7 15. Rac1 Qb8 16. f4 Bc5 17. Be1 Nc6 18. Nb5 Bxd4+ 19. Nxd4 Qxf4 20. Nb5 Rfd8 21. Nd6 Nd4 22.
Qf2 Qxd6 23. Rxd4 Qe7 24. Bb4 Qe8 25. e5 Nd5 26. Bd6 Bc6 27. Rg4 Ne7 28. Bb1 Nf5 29.
Bxf5 exf5 30. Rg5 Qe6 31. Rxf5 Re8 32. h4 Rad8 33. Rc3 Rd7 34. Rg3 g6 35. Rf6 Qd5 36. h5 Qd1+ 37. Kh2 Qxh5+ 38. Rh3 Qg4 39. Rf4 Qg5 40.
Rfh4 h5 41. Rxh5 gxh5 42. Rg3 Qg6 43. Rxg6+ fxg6 44. Qf6 Kh7 45. Bc5 Bd5 46. Be3 Be6 47. Qg5 Bf5 48. Qh6+ Kg8 49. Qf4 Rde7 50. Bd4 Re6 51.
Bc3 Rd8 52. Qe3 Rd3 53. Qxa7 h4 54. Qxb7 h3 55. Qb8+ Kh7 56. Qb7+ Kh6 57. Qb8 hxg2 58. Qh8+ Kg5 59. Kxg2 Kg4 60. Qh6 Rg3+ 61. Kf2 Rh3 62. Qf8 Rc6 63. Qd8 Rc4 64. Qd5 Rf4+ 65. Ke2 Be4 66.
Qd7+ Bf5 67. Qd5 Re4+ 68. Kf2 Rh2+ 69. Kg1 Rhe2 70. e6 Rxe6 71. Qd4+ R6e4 72. Qd6 R4e3 73. Qd4+ Kh5 74. Kf1 Re4 75. Kg1 Rxd4 76. Bxd4 Rd2 0-1

[Event "Early-Titled-Tuesday-Blitz-July-09-2024"]
[Site "Chess.com"]
[Date "2024.07.09"]
[Round "8"]
[White "CrimeFightingSpider07"]
[Black "honestgames"]
[Result "0-1"]
[WhiteElo "2611"]
[BlackElo "2841"]
[TimeControl "180+1"]
[EndTime "9:31:16 PDT"]
[Termination "honestgames won by resignation"]

1. Nf3 d5 2. d4 Nf6 3. b3 Bg4 4. e3 e6 5. Bb2 c5 6. Be2 Nc6 7. O-O Bxf3 8. Bxf3 cxd4 9. exd4 Be7 10. Nd2 O-O 11.
c4 dxc4 12. Nxc4 Nd5 13. Ne5 Rc8 14. Rc1 Qa5 15. Nxc6 bxc6 16. a3 Rfd8 17. b4 Qb6 18.
Qa4 Qb5 19. Qc2 a5 20. bxa5 Qxa5 21. Be4 g6 22. a4 Rb8 23. Bc3 Bb4 24. Bxd5 cxd5 25.
h3 Bxc3 26. Qxc3 Qxa4 27. Ra1 Qb4 28. Qe3 Qe7 29. Qe5 Rbc8 30. Rac1 Qf8 31. Qf6 Qg7 32. Qf4 g5 33. Qe3 Qf6 34. Ra1 Rc4 35. Rfd1 Rd7 36. Ra8+ Kg7 37. Ra3 h6 38. Rad3 Rdc7 39. R3d2 Rc3 40.
Qe2 Rc1 41. g3 Rxd1+ 42. Qxd1 Rc3 43. Kg2 Qf5 44. Qe2 Kg6 45. Qg4 Qxg4 46. hxg4 Rb3 47. f3 h5 48. gxh5+ Kxh5 49. Kf2 g4 50.
f4 Kg6 51. Ke2 Kf5 52. Rd3 Rb2+ 53. Kf1 Ke4 54. Ra3 Kxd4 55. Ra7 f6 56. Ra6 e5 57. Rxf6 e4 58. Ra6 Rb3 59. Kf2 Rf3+ 60. Kg2 Rb3 61.
Ra4+ Ke3 62. Ra2 d4 63. f5 Rb6 64. Rf2 d3 65. f6 Rb8 66. f7 Rf8 67. Kf1 d2 68.
Re2+ Kd3 0-1

[Event "Early-Titled-Tuesday-Blitz-July-09-2024"]
[Site "Chess.com"]
[Date "2024.07.09"]
[Round "8"]
[White "aanshnerurkar"]
[Black "Ganziitoo"]
[Result "0-1"]
[WhiteElo "2446"]
[BlackElo "2311"]
[TimeControl "180+1"]
[EndTime "9:31:16 PDT"]
[Termination "Ganziitoo won by resignation"]

1. e4 d6 2. d4 Nf6 3. Nc3 Nbd7 4.
Be3 e5 5. h3 Be7 6. Nf3 O-O 7.
Bc4 c6 8. a4 Qc7 9. Bb3 a5 10.
O-O h6 11. Qd2 Re8 12. Rad1 Nf8 13. Rfe1 Ng6 14. Kh2 Bf8 15. d5 Bd7 16. Kg1 Nh5 17.
Nh2 Nhf4 18. f3 Rad8 19. Qf2 c5 20. Kh1 Kh8 21. Bc4 f5 22. Nb5 Qb8 23. Qd2 b6 24.
Nf1 Be7 25. Bf2 Bg5 26. Qc3 fxe4 27. Rxe4 Rf8 28. Ng3 Rf6 29. Ree1 Nh4 30. Ne4 Nhxg2 31. Nxf6 Bxf6 32. Rg1 Bxh3 33. Bf1 Nh4 34. Bg3 Bf5 35.
Rd2 Qc8 36. Rh2 Nhg6 37. Bd3 Bxd3 38. cxd3 Qf5 39. Qd2 Kh7 40. Qe3 Nxd5 41. Qe4 Qxe4 42. dxe4 Ndf4 43. Bxf4 Nxf4 44. Rd2 d5 45. exd5 Rxd5 46.
Rxd5 Nxd5 47. Rd1 Nb4 48. Rd6 Nc2 49. Rxb6 Nd4 50. Nxd4 cxd4 51. Kg2 Kg6 52. Kf1 Kf5 53. Ke2 g5 54. Rb5 h5 55. Rxa5 g4 56. fxg4+ hxg4 57. Rb5 Ke4 58. a5 d3+ 59. Kd1 g3 60. Rb8 Bg5 61. Rg8 Kf4 62. Ke1 d2+ 63. Kxd2 g2 64.
Rf8+ Ke4+ 65. Kc2 g1=Q 66. a6 Qc5+ 67. Kb3 Qxf8 68. Ka4 Qa8 69. Ka5 Be3 70. b4 Kd5 71. b5 Kc5 0-1